 Dungeon Crawl Stone Soup version 0.24.0-37-gcf1ca852f1 (webtiles) character file.

Game seed: 7044338187676663708, levelgen mode: deterministic

47 FishyPogo the Charmwright (level 3, -2/31 HPs)
             Began as a Gnoll Skald on Dec 6, 2019.
             Killed by miscasting Regeneration (16 damage)
             ... on level 2 of the Dungeon.
             The game lasted 00:02:12 (661 turns).

FishyPogo the Charmwright (Gnoll Skald)              Turns: 661, Time: 00:02:25

Health: -2/31      AC:  3    Str: 13    XL:     3   Next: 70%
Magic:  3/9        EV: 14    Int: 15    God:
Gold:   39         SH:  0    Dex: 15    Spells: 1/12 levels left

rFire    . . .     SeeInvis .   a - +0 hand axe
rCold    . . .     Gourm    .   (no shield)
rNeg     . . .     Faith    .   b - +0 leather armour
rPois    .         Spirit   .   (no helmet)
rElec    .         Reflect  .   (no cloak)
rCorr    .         Harm     .   (no gloves)
MR       .....                  (no boots)
Stlth    +.........             (no amulet)
HPRegen  0.10/turn              (no ring)
MPRegen  0.11/turn              (no ring)

@: very slightly contaminated
A: distributed training, fangs 1, strong nose
a: no special abilities


You were on level 2 of the Dungeon.
You were not hungry.

You visited 1 branch of the dungeon, and saw 2 of its levels.

You collected 39 gold pieces.

Inventory:

Hand Weapons
 a - a +0 hand axe (weapon)
Missiles
 c - 23 stones (quivered)
 g - 33 poisoned darts
Armour
 b - a +0 leather armour (worn)
Scrolls
 k - a scroll of random uselessness {unknown}
Potions
 e - a potion of brilliance {unknown}
 h - 3 potions of curing {unknown}
 i - a potion of ambrosia {unknown}
 j - 2 potions of flight {unknown}
Comestibles
 d - 2 rations
 f - 7 chunks of flesh


   Skills:
 + Level 4.5 Fighting
 + Level 0.9 Short Blades
 + Level 0.9 Long Blades
 + Level 4.5 Axes
 + Level 0.9 Maces & Flails
 + Level 0.9 Polearms
 + Level 0.9 Staves
 + Level 0.9 Slings
 + Level 0.9 Bows
 + Level 0.9 Crossbows
 + Level 0.9 Throwing
 + Level 2.6 Armour
 + Level 4.5 Dodging
 + Level 0.9 Stealth
 + Level 0.9 Shields
 + Level 0.9 Unarmed Combat
 + Level 5.0 Spellcasting
 + Level 0.6 Conjurations
 + Level 0.6 Hexes
 + Level 5.4 Charms
 + Level 0.6 Summonings
 + Level 0.6 Necromancy
 + Level 0.6 Translocations
 + Level 0.6 Transmutations
 + Level 0.6 Fire Magic
 + Level 0.6 Ice Magic
 + Level 0.6 Air Magic
 + Level 0.6 Earth Magic
 + Level 0.6 Poison Magic
 + Level 1.0 Invocations
 + Level 0.9 Evocations


You had one spell level left.
You knew the following spells:

 Your Spells              Type           Power        Failure   Level  Hunger
h - Regeneration          Chrm/Necr      ##........   19%         3    ###....
n - Spectral Weapon       Hex/Chrm       ##......     19%         3    ###....
p - Shroud of Golubria    Chrm/Tloc      ##....       9%          2    ##.....
u - Song of Slaying       Chrm           ###.....     3%          2    ##.....
y - Infusion              Chrm           ###.         2%          1    None

Your spell library contained the following spells:

 Spells                   Type           Power        Failure   Level  Hunger
 Confusing Touch          Hex            #.....       16%         1    None
 Confuse                  Hex            #.......     43%         3    ###....
 Gell's Gravitas          Tloc           #.........   43%         3    ###....
 Petrify                  Tmut/Erth      #.......     85%         4    ####...
 Metabolic Englaciation   Hex/Ice        #.........   99%         5    ######.
 Yara's Violent Unravell  Hex/Tmut       #.........   99%         5    ######.


Dungeon Overview and Level Annotations

Branches:
Dungeon (2/15)

Altars:
Ashenzari


Innate Abilities, Weirdness & Mutations

Your experience applies equally to all skills.
You have very sharp teeth.
Your uncanny sense of smell can sniff out nearby items.


Message History

The dart slug launches a dart at you. The slug dart hits you.
You catch the helpless worm completely off-guard!
You slash the worm!
The worm is almost dead.
Your spectral weapon hits the worm!
You kill the worm!
Your spectral weapon fades away.
The goblin hits you with a +0 club.
You are too injured to fight recklessly!
Casting: Spectral Weapon (safe; 19% risk of failure)
Confirm with . or Enter, or press ? or * to list all spells.
You draw out your weapon's spirit!
The goblin closely misses you.
Casting: Spectral Weapon (safe; 19% risk of failure)
Confirm with . or Enter, or press ? or * to list all spells.
You miscast Regeneration.
You are very lightly contaminated with residual magic.
Pain shoots through your body!
Ouch! That really hurt!
You die...

#.........# #.?.......##
# #............## ..
#.............. #..
#.............#
#..######..............
##....................# .
#.......#.............#
..##...<(@.##.......>...#
......g.(###...÷÷.....#
##.......######<).....#
...#..w......# #)......#
#.....<.....# ##...#####
##...........##....#####
....................÷...#
####..........#.........#
#..........#.........#


You could see a dart slug, a goblin and a friendly spectral +0 hand axe.

Vanquished Creatures
  A gnoll (D:1)
  A worm (D:2)
  2 dart slugs (D:1)
  3 bats (D:1)
  2 giant cockroaches
  4 goblins
  4 hobgoblins
  2 jackals (D:2)
  2 kobolds
  A quokka (D:2)
  2 ball pythons (D:1)
  3 frilled lizards
  3 rats
30 creatures vanquished.

Notes
Turn   | Place    | Note
-------+----------+-------------------------------------------
     0 | D:1      | FishyPogo the Gnoll Skald began the quest for the Orb.
     0 | D:1      | Reached XP level 1. HP: 20/20 MP: 6/6
    60 | D:1      | Found a shattered altar of Ashenzari.
   124 | D:1      | Reached XP level 2. HP: 21/26 MP: 7/7
   187 | D:1      | Learned a level 2 spell: Song of Slaying
   190 | D:1      | Learned a level 2 spell: Shroud of Golubria
   304 | D:1      | Reached skill level 5 in Spellcasting
   304 | D:1      | Reached XP level 3. HP: 20/31 MP: 0/9
   607 | D:2      | Reached skill level 1 in Invocations
   613 | D:2      | Learned a level 3 spell: Regeneration
   617 | D:2      | Learned a level 3 spell: Spectral Weapon
   661 | D:2      | Killed by miscasting Regeneration

Levels and vault maps discovered:
D:1:      dpeg_arrival_pond, layout_basic, ashenzari_altar_1
D:2:      layout_rooms

Skill      XL: |  1  2  3 |
---------------+----------+-----
Spellcasting   | 5 |  5.0
Invocations    | 1 |  1.0
Fighting       | |  4.5
Short Blades   | |  0.9
Long Blades    | |  0.9
Axes           | |  4.5
Maces & Flails | |  0.9
Polearms       | |  0.9
Staves         | |  0.9
Slings         | |  0.9
Bows           | |  0.9
Crossbows      | |  0.9
Throwing       | |  0.9
Armour         | |  2.6
Dodging        | |  4.5
Stealth        | |  0.9
Shields        | |  0.9
Unarmed Combat | |  0.9
Conjurations   | |  0.6
Hexes          | |  0.6
Charms         | |  5.4
Summonings     | |  0.6
Necromancy     | |  0.6
Translocations | |  0.6
Transmutations | |  0.6
Fire Magic     | |  0.6
Ice Magic      | |  0.6
Air Magic      | |  0.6
Earth Magic    | |  0.6
Poison Magic   | |  0.6
Evocations     | |  0.9

Action                   || total
-------------------------++-------
Melee: Hand axe          ||    81
       Bite              ||     5
       Punch             ||     1
Throw: Stone             ||     5
 Cast: Infusion          ||     2
       Song of Slaying   ||     1
       Spectral Weapon   ||     2
       Shroud of Golubri ||     1
 Stab: Sleeping          ||     2
       Distracted        ||     1
Armor: Leather armour    ||    13
Dodge: Dodged            ||    76
